 Dungeon Crawl Stone Soup version 0.27-a0-1325-g58a489ad9e (webtiles) character file.

Game seed: 691731215750991625

46 lekh the Skirmisher (level 3, -1/34 HPs)
             Began as a Naga Fighter on June 24, 2021.
             Frozen to death by an endoplasm (4 damage)
             ... on level 1 of the Dungeon.
             The game lasted 00:01:49 (56 turns).

lekh the Skirmisher (Naga Fighter)                    Turns: 56, Time: 00:01:49

Health: -1/34      AC:  4    Str: 18    XL:     3   Next: 68%
Magic:  3/3        EV:  5    Int:  8    God:
Gold:   0          SH:  8    Dex: 11    Spells: 2/2 levels left

rFire    . . .     SeeInvis +   a - +0 long sword
rCold    . . .     Faith    .   c - +0 kite shield
rNeg     . . .     Spirit   .   b - +0 scale mail
rPois    +         Reflect  .   (no helmet)
rElec    .         Harm     .   (no cloak)
rCorr    .         Rampage  .   (no gloves)
Will     .....                  (no barding)
Stlth    ..........             (no amulet)
HPRegen  0.11/turn              (no ring)
MPRegen  0.08/turn              (no ring)

@: short of breath, very slow
A: AC +1, large, see invisible, deformed body, poison resistance, slowness 2,
spit poison 1, naga tail 1
a: Spit Poison


You were on level 1 of the Dungeon.
You visited 1 branch of the dungeon, and saw 1 of its levels.

Inventory:

Hand Weapons
 a - a +0 long sword (weapon)
Armour
 b - a +0 scale mail (worn)
 c - a +0 kite shield (worn)
Magical Staves
 e - a staff of poison
Potions
 d - a potion of might


   Skills:
 + Level 3.4 Fighting
 + Level 2.4 Long Blades
 + Level 2.8 Armour
 * Level 2.9 Shields


You had 2 spell levels left.
You didn't know any spells.
Your spell library was empty.

Dungeon Overview and Level Annotations

Branches:
Dungeon (1/15)

Altars:


Innate Abilities, Weirdness & Mutations

Your serpentine skin is tough. (AC +1)
You have supernaturally acute eyesight. (SInv)
Armour fits poorly on your strangely shaped body.
Your system is resistant to poisons. (rPois)
You cover ground very slowly.
You can spit poison.
You have a snake-like lower body.


Message History

The jackal bites you but does no damage.
There is a fountain of clear blue water here.
You open the door.
The jackal bites you but does no damage.
Found a mace.
The jackal barely misses you. The rat bites you but does no damage.
There is an open door here.
You block the jackal's attack. You block the jackal's attack.
You block the jackal's attack. The jackal bites you.
* * * LOW HITPOINT WARNING * * *
The jackal bites you but does no damage.
Abil: Spit Poison
Press: ? - help, Q - select action Shift-Dir - straight line, f/p - jackal
Aim: a jackal (almost dead)
The splash of poison hits the jackal but does no damage.
The jackal is poisoned.
The jackal is almost dead.
You block the jackal's attack.
You slash the jackal!
You kill the jackal!
The giant cockroach bites you but does no damage.
You hit the giant cockroach.
The giant cockroach is heavily wounded.
You have got your breath back.
The giant cockroach waves its antennae.
The giant cockroach bites you but does no damage.
The giant cockroach barely misses you.
You riposte.
You hit the giant cockroach.
You kill the giant cockroach!
Abil: Spit Poison
Press: ? - help, Q - select action Shift-Dir - straight line, f - endoplasm
Aim: an endoplasm The splash of poison hits the rat.
You kill the rat!
You hit the endoplasm but do no damage. You block the endoplasm's attack.
The endoplasm freezes you.
You are frozen.
You die...

+⌠....###....⌠+
#......<.J....# #
#..⌠...>...⌠..#.#
###+#######'###.#
............#
.#####.#J).##
#.JJ### ###J# #@#
#.# #.# ... ###


You could see 4 endoplasms.

Vanquished Creatures
  A jelly (D:1)
  4 endoplasms (D:1)
  2 giant cockroaches (D:1)
  5 jackals (D:1)
  2 rats (D:1)
14 creatures vanquished.

Notes
Turn   | Place    | Note
-------+----------+-------------------------------------------
     0 | D:1      | lekh the Naga Fighter began the quest for the Orb.
     0 | D:1      | Reached XP level 1. HP: 21/21 MP: 1/1
     1 | D:1      | Found a runed translucent door.
     2 | D:1      | Noticed a jelly
    26 | D:1      | Killed a jelly
    27 | D:1      | Reached XP level 2. HP: 8/28 MP: 2/2
    27 | D:1      | Reached XP level 3. HP: 10/34 MP: 3/3
    56 | D:1      | Frozen to death by an endoplasm

Illustrated notes

Levels and vault maps discovered:
D:1:      dpeg_arrival_caged_fury, layout_loops_ring

Action                   || total
-------------------------++-------
Melee: Long sword        ||    34
 Abil: Spit Poison       ||     5
Armor: Scale mail        ||    23
Dodge: Dodged            ||    14
Block: Kite shield       ||    16
       Rpst.: Long sword ||     3

Table legend: (Time is in decaauts)
 A = Elapsed time spent in this place.
 B = Non-inter-level travel time spent in this place.
 C = Inter-level travel time spent in this place.
 D = Time resting spent in this place.
 E = Time spent auto-exploring this place.
 F = Levels seen in this place.
 G = Mean time per level.
                   A        B        C        D        E       F      G
               +--------+--------+--------+--------+--------+-----+--------+
         Total |     78 |     78 |      0 |      0 |      2 |   1 |   78.0 |
       Dungeon |     78 |     78 |      0 |      0 |      2 |   1 |   78.0 |
               +--------+--------+--------+--------+--------+-----+--------+

Top non-repeatable levels by time:
     D:1: 78 daAuts
